 Dungeon Crawl Stone Soup version 0.26-a0-67-g850bfe61e3 (webtiles) character file.

Game seed: 2994920514453860596

571778 toffzen the Crack Shot (level 25, -3/247 HPs)
             Began as a Centaur Berserker on June 4, 2020.
             Was the Champion of Trog.
             Slain by a death cob (9 damage)
             ... on level 1 of the Realm of Zot on June 12, 2020.
             The game lasted 04:10:29 (89980 turns).

toffzen the Crack Shot (Centaur Berserker)         Turns: 89980, Time: 04:10:29

Health: -3/247     AC: 40    Str: 24    XL:     25   Next: 66%
Magic:  0/23       EV: 17    Int:  6    God:    Trog [******]
Gold:   4154       SH:  0    Dex: 29    Spells: 24/24 levels left

rFire    + + +     SeeInvis +   a - +12 glaive of Prune {vorpal}
rCold    + . .     Gourm    .   (shield currently unavailable)
rNeg     . . .     Faith    .   Q - +10 crystal plate armour "Aloguuth" {rElec Dex+8 Slay-2 Stlth+}
rPois    +         Spirit   +   R - +1 hat {MR+}
rElec    +         Reflect  .   C - scarf {rC+ rF+}
rCorr    .         Harm     .   F - +0 pair of gloves
MR       +++++                  S - +1 centaur barding {Stlth+}
Stlth    ..........             r - amulet "Copluj" {Spirit rF+++ Slay-2 SInv}
HPRegen  1.51/turn              W - +4 ring of evasion
MPRegen  0.18/turn              G - ring "Beujueg" {*Drain rElec rPois MR+ Dex+4 Stlth+}

@: lethally poisoned (-3 -> -3), berserk cooldown, regenerating (expiring),
slowed, studying 2 skills
A: large, hooves 3, blurry vision 1, deformed body, speed 2, tough skin 3, wild
magic 1
}: 3/15 runes: decaying, silver, gossamer
a: Berserk, Trog's Hand, Brothers in Arms, Renounce Religion


You were on level 1 of the Realm of Zot.
You worshipped Trog.
Trog was exalted by your worship.
You were not hungry.

You visited 10 branches of the dungeon, and saw 48 of its levels.
You visited 1 bazaar.
You also visited: Bailey.

You collected 8210 gold pieces.
You spent 4056 gold pieces at shops.

Inventory:

Hand Weapons
 a - the +12 glaive of Prune (weapon) {vorpal}
   (Trog gifted it to you on level 4 of the Vaults)

   It inflicts extra damage upon your enemies.
 b - the +10 longbow of the Heavens {vorpal, rPois rC+ MP-9}
   (You acquired it on level 3 of the Spider Nest)

   Any arrow fired from it inflicts extra damage.
   It protects you from cold.
   It protects you from poison.
   It affects your magic capacity (-9).
 c - the +14 lance "Wyrmbane" {slay drac, rPois rF+ rC+ AC+3}
   (You found it on level 3 of the Elven Halls)

   It affects your AC (+3).
   It protects you from fire.
   It protects you from cold.
   It protects you from poison.
 v - the +5 halberd of Dust {vorpal, rN++ Int+2}
   (You bought it in a shop on level 2 of the Orcish Mines)

   It inflicts extra damage upon your enemies.
   It affects your intelligence (+2).
   It greatly protects you from negative energy.
 Y - a +8 vorpal demon trident
Missiles
 j - 1431 stones (quivered)
 x - 1401 arrows
 X - 5 throwing nets
Armour
 C - a scarf of resistance (worn)
 F - a +0 pair of gloves (worn)
 L - the +15 Maxwell's patent armour {-Cast -Tele rElec MR+ rCorr}
   (You acquired it on level 3 of the Vaults)

   It insulates you from electricity.
   It affects your resistance to hostile enchantments.
   It prevents spellcasting.
   It prevents most forms of teleportation.
   It provides partial protection from all sources of acid and corrosion.
 M - the +0 cloak of Kikubaaqudgha's Hatred {Slay+2}
   (You found it on level 2 of the Spider Nest)

   It affects your accuracy and damage with ranged weapons and melee attacks
   (+2).
 Q - the +10 crystal plate armour "Aloguuth" (worn) {rElec Dex+8 Slay-2 Stlth+}
   (You bought it in a shop on level 3 of the Depths)

   It affects your dexterity (+8).
   It affects your accuracy and damage with ranged weapons and melee attacks
   (-2).
   It insulates you from electricity.
   It makes you more stealthy.
 R - a +1 hat of magic resistance (worn)
 S - a +1 centaur barding of stealth (worn)
Jewellery
 d - an uncursed ring of resist corrosion
 e - an uncursed ring of protection from cold
 r - the amulet "Copluj" (around neck) {Spirit rF+++ Slay-2 SInv}
   (You acquired it on level 2 of the Elven Halls)

   [amulet of guardian spirit]

   It causes incoming damage to be split between your health and magic.
   It affects your accuracy and damage with ranged weapons and melee attacks
   (-2).
   It renders you almost immune to fire.
   It lets you see invisible.
 s - an uncursed ring of see invisible
 A - an uncursed ring of protection from fire
 G - the ring "Beujueg" (right hand) {*Drain rElec rPois MR+ Dex+4 Stlth+}
   (You acquired it on level 1 of the Spider Nest)

   [ring of protection from magic]

   It affects your dexterity (+4).
   It insulates you from electricity.
   It protects you from poison.
   It affects your resistance to hostile enchantments.
   It causes draining when unequipped.
   It makes you more stealthy.
 I - the ring of Ephemeral Luck {rN+ MR+ Str+3}
   (You found it on level 5 of the Vaults)

   [ring of positive energy]

   It affects your strength (+3).
   It protects you from negative energy.
   It affects your resistance to hostile enchantments.
 W - a +4 ring of evasion (left hand)
Wands
 g - a wand of paralysis (6)
 O - a wand of acid (25)
 V - a wand of digging (4)
Scrolls
 f - 8 scrolls of immolation
 i - 12 scrolls of fear
 k - 11 scrolls of magic mapping
 l - 6 scrolls of identify
 m - 10 scrolls of teleportation
 t - 6 scrolls of blinking
 z - 2 scrolls of summoning
 B - 2 scrolls of brand weapon
 H - 21 scrolls of remove curse
 J - 9 scrolls of enchant armour
 K - 5 scrolls of fog
 U - 3 scrolls of enchant weapon
Potions
 h - 5 potions of flight
 p - 6 potions of mutation
 q - 8 potions of heal wounds
 u - 24 potions of curing
 w - 8 potions of might
 E - 11 potions of haste
 N - 6 potions of cancellation
 P - a potion of invisibility
 T - a potion of berserk rage
 Z - 10 potions of lignification
Books
 y - a manual of Bows
 D - a manual of Dodging
Comestibles
 o - 43 rations


   Skills:
 + Level 24.5 Fighting
 * Level 17.2 Polearms
 - Level 25.5 Bows
 + Level 15.3 Armour
 + Level 16.6 Dodging


You had 24 spell levels left.
You didn't know any spells.
Your spell library was empty.

Dungeon Overview and Level Annotations

Branches:
Dungeon (15/15)            Temple (0/1) D:5            Lair (6/6) D:10
  Swamp (4/4) Lair:2       Spider (4/4) Lair:3        Slime (0/5) Lair:6
    Orc (2/2) D:9             Elf (3/3) Orc:2        Vaults (5/5) D:13
  Crypt (3/3) Vaults:3       Tomb (0/3) Crypt:3      Depths (5/5) D:15
    Zot (1/5) Depths:5     Bailey (visited)

Altars:
Dithmenos
Gozag
Hepliaklqana
Kikubaaqudgha
Makhleb
Okawaru
Ru
Vehumet
Xom
Yredelemnul
Beogh
Jiyva

Shops:
D:6 (   Orc:2 }?([   Elf:1 (   Vaults:1 :   Vaults:2 !   Vaults:4 ?
Vaults:5 !!?   Depths:3 %[[[

Portals:
Hell: Depths:1 Depths:2 Depths:3 Depths:4 Depths:5
Abyss: Depths:1 Depths:2 Depths:4
Pandemonium: Depths:3 Depths:5
Ziggurat: Depths:5

Annotations:
Lair:5 exclusion: 2 oklob plants
Spider:1 1 runed translucent door, droganthewolf's ghost, adept GrFi
Elf:1 3 runed translucent doors, Senarre's ghost, journeyman BaSu


Innate Abilities, Weirdness & Mutations

You have hooves in place of feet.
Armour fits poorly on your strangely shaped body.
You cover ground very quickly.
You have extremely tough skin. (AC +3)
Scrolls take you a little longer to read.
Your spells are a little harder to cast, but a little more powerful.


Message History

The red draconian rages.
You hear an angry hiss.
The yellow draconian rages.
The moth of wrath is engulfed in blazing flames.
The moth of wrath barely misses you. The death cob hits you!
* * * LOW HITPOINT WARNING * * *
The death cob drains your vigour!
You feel as though you will be slow longer.
Evoke which item? (* to show all) (? for menu, Esc to quit)
Aiming: Dig
Press: ? - help, Shift-Dir - straight line A rock wall.
The rock shatters into small pieces.
You feel sick. The death cob misses you.
The red draconian rages.
The death cob completely misses you.
The rime drake rages.
The moth of wrath is engulfed in blazing flames.
The moth of wrath bites you but does no damage.
The death cob hits you!
You die...

...# ... #..#.
..# #...###..#
#....#...##
#......... .
#.....#.# ...
#kq(..###...##
####dk.(∩......#
#@zXdk..........
#.#ykk.......####
#.###d.........#
#.# ##...........
#.# ##........."#
#.# ##..........
#.# ##..##.....
.# #..# #..


You could see a tentacled monstrosity, a yellow draconian (berserk), 2
draconians, a death cob, a death drake (summoned, berserk), a moth of wrath and
3 rime drakes.

Vanquished Creatures
  2 ancient liches (Vaults:4)
  Mara (Crypt:2)
  An orb of fire (Zot:1)
  Margery (Depths:3)
  Boris (thrice) (Depths:3 Vaults:3 Crypt:2)
  Frederick (Depths:4)
  Saint Roka (Crypt:1)
  Xtahua (Crypt:2)
  Nikola (Vaults:2)
  A golden dragon (Depths:5)
  Jory (Crypt:2)
  A profane servitor (Crypt:3)
  A bone dragon (Crypt:3)
  6 liches
  Jorgrun (Elf:2)
  4 tentacled monstrosities
  Asterion (Elf:1)
  5 titans
  4 deep elf blademasters (Elf:3)
  2 quicksilver dragons
  4 deep elf master archers (Elf:3)
  Frances (D:12)
  Kirke (Elf:1)
  6 sphinxes
  A sphinx (shapeshifter) (Depths:2)
  4 storm dragons
  8 ancient champions
  A shadow dragon (Vaults:5)
  5 tengu reavers
  A draconian monk (Depths:5)
  4 revenants (Crypt:3)
  11 fire giants
  Donald (Elf:2)
  7 deep elf sorcerers
  A draconian knight (Depths:5)
  An iron dragon (Vaults:5)
  8 vault wardens
  A ghost moth (shapeshifter) (Depths:2)
  9 frost giants
  4 ghost moths
  Aizul (Elf:2)
  3 deep elf elementalists
  A draconian shifter (Depths:5)
  6 ghouls
  3 reapers
  11 ironheart preservers
  A curse skull (Vaults:3)
  7 emperor scorpions
  17 very ugly things
  21 stone giants
  7 war gargoyles
  3 entropy weavers
  A green draconian (Depths:5)
  3 deep elf demonologists
  8 vampire knights
  2 purple draconians (Depths:5)
  9 deep elf annihilators
  2 yellow draconians (Depths:5)
  15 spark wasps
  A spark wasp (shapeshifter) (Vaults:5)
  10 ettins
  2 merfolk javelineers (Depths:3)
  16 deep elf death magi
  An ettin (shapeshifter) (Depths:2)
  6 eidola
  A merfolk impaler (Depths:4)
  2 mummy priests (Crypt:3)
  9 ogre magi
  9 crystal guardians
  11 jiangshi
  20 yaktaur captains
  2 deep elf high priests
  7 fire dragons
  Fannar (D:12)
  4 rakshasas
  6 great orbs of eyes
  31 vault guards
  18 hydras
  3 spriggan air magi
  3 catoblepae
  A monstrous demonspawn (Depths:5)
  11 ice dragons
  A hell beast (Depths:5)
  10 centaur warriors
  5 death knights
  Erica (D:9)
  24 alligators
  5 shambling mangroves
  An anaconda (shapeshifter) (Depths:2)
  19 two-headed ogres
  7 deep troll earth magi
  6 tengu warriors
  A death yak (shapeshifter) (Depths:2)
  A queen ant (shapeshifter) (Depths:2)
  9 deep troll shamans
  6 small abominations
  Urug (Lair:6)
  3 death yaks (Lair:6)
  45 dancing weapons
  A shock serpent (Depths:2)
  4 vampire magi
  2 spriggan berserkers (Depths:5)
  6 orc high priests
  20 hell knights
  A soul eater (Crypt:2)
  Nergalle (Orc:1)
  Sonja (D:12)
  4 iron trolls
  2 shadow wraiths
  A spark wasp zombie (Crypt:1)
  37 skeletal warriors
  7 unseen horrors
  28 deep trolls
  3 spriggan druids
  A flayed ghost (Crypt:3)
  26 deep elf knights
  9 glowing orange brains
  A deep troll (shapeshifter) (Depths:5)
  A glowing orange brain (shapeshifter) (Vaults:2)
  9 swamp dragons
  4 obsidian statues
  18 deep elf archers
  An orange crystal statue (Depths:1)
  7 phantasmal warriors
  6 wizards
  2 orb spiders (shapeshifter) (Depths:2)
  16 ironbrand convokers
  11 necromancers
  3 mana vipers (shapeshifter)
  6 lindwurms
  4 human zombies
  67 deep elf magi
  22 orb spiders
  6 cyclopes
  8 orc sorcerers
  31 wolf spiders
  A salamander (Depths:1)
  A fire giant zombie (Vaults:3)
  31 ugly things
  16 orc knights
  4 manticores
  A faun (shapeshifter) (Vaults:4)
  2 stone giant skeletons (Crypt:1)
  A moth of wrath (Spider:3)
  9 torpor snails
  7 elephants (Lair:6)
  A rust devil (Depths:5)
  3 black mambas
  13 vault sentinels
  A guardian serpent (shapeshifter) (Vaults:4)
  3 molten gargoyles (Depths:2)
  An eye of devastation (shapeshifter) (Depths:2)
  A smoke demon (Depths:5)
  2 gargoyles (Depths:2)
  A spiny frog (shapeshifter) (D:15)
  2 dire elephant skeletons
  A red draconian zombie (Crypt:3)
  8 spiny frogs
  4 kobold demonologists
  36 yaktaurs
  4 rime drakes
  6 freezing wraiths
  8 komodo dragons
  A black draconian skeleton (Crypt:3)
  An efreet (D:15)
  A green draconian skeleton (Crypt:2)
  A minotaur skeleton (Crypt:3)
  An iron troll skeleton (Crypt:3)
  A troll (shapeshifter) (Vaults:3)
  3 tengu conjurers
  8 demonic crawlers
  A jumping spider (shapeshifter) (Depths:2)
  6 trolls
  A queen bee (D:11)
  29 hornets
  A queen bee (shapeshifter) (Vaults:2)
  33 jumping spiders
  A harpy zombie (Crypt:1)
  2 guardian mummies (Crypt:3)
  A wind drake (Depths:2)
  Grinder (D:3)
  A wind drake (shapeshifter) (Elf:3)
  A death drake skeleton (Crypt:3)
  2 polar bears
  11 tyrant leeches
  3 meliai
  12 blink frogs
  A slime creature (shapeshifter) (Depths:1)
  A human simulacrum (Vaults:3)
  3 raiju (Depths:2)
  8 bog bodies
  4 dream sheep
  A fire giant simulacrum (Vaults:3)
  A stone giant simulacrum (Vaults:3)
  7 hippogriffs
  15 slime creatures
  79 redbacks
  A dream sheep (shapeshifter) (Depths:2)
  4 wraiths
  2 ettin skeletons (Crypt:3)
  10 shadows
  2 spriggans (shapeshifter)
  2 vampires
  10 water elementals
  A centaur simulacrum (D:14)
  A redback (shapeshifter) (Vaults:5)
  A hog (shapeshifter) (Vaults:3)
  A tarantella (shapeshifter) (Depths:2)
  An ice dragon skeleton (Crypt:1)
  An ushabti (Crypt:3)
  27 yaks
  7 air elementals
  4 spriggans
  19 tarantellas
  5 wyverns
  4 fire elementals
  2 hogs (Elf:1)
  24 humans
  5 chaos spawn
  A tyrant leech zombie (Crypt:3)
  2 hungry ghosts
  2 basilisks (shapeshifter)
  11 vampire mosquitoes
  10 basilisks
  3 large abominations (Depths:1)
  A deep troll zombie (Vaults:3)
  18 swamp worms
  18 insubstantial wisps
  18 wargs
  2 acid dragons
  A spiny frog zombie (Crypt:3)
  A soldier ant (D:15)
  A naga (shapeshifter) (Vaults:5)
  A soldier ant (shapeshifter) (Vaults:2)
  6 water moccasins
  11 porcupines
  A deep troll skeleton (Crypt:2)
  A two-headed ogre skeleton (Crypt:1)
  A floating eye (Depths:4)
  11 swamp drakes
  31 orc warriors
  An alligator simulacrum (Crypt:3)
  3 phantoms
  An ice beast (D:10)
  2 sky beasts
  An ice dragon simulacrum (Crypt:3)
  A hornet zombie (D:15)
  A spiny frog skeleton (Crypt:2)
  3 eyes of draining
  13 wolves
  4 black bears
  A dream sheep skeleton (Crypt:2)
  9 necrophages
  36 centaurs
  2 snapping turtle skeletons (Crypt:1)
  27 ogres
  18 crocodiles
  An octopode zombie (Crypt:1)
  8 big kobolds
  An elf zombie (Crypt:3)
  A komodo dragon zombie (Crypt:2)
  20 bullfrogs
  9 earth elementals
  2 scorpions
  A wyvern skeleton (D:2)
  2 troll zombies
  3 wights (Crypt:1)
  A yak zombie (Crypt:2)
  22 killer bees
  A snapping turtle simulacrum (Crypt:3)
  3 howler monkeys
  A vampire bat (Orc:1)
  3 electric eels
  A troll skeleton (Crypt:3)
  4 bullfrog zombies
  7 centaur zombies
  7 crimson imps
  A quasit (Depths:5)
  10 jellies
  A yaktaur simulacrum (Vaults:1)
  A gnoll shaman (D:4)
  49 orc priests
  A bullfrog skeleton (D:11)
  8 hounds
  2 centaur skeletons
  2 iron imps
  30 orc wizards
  3 iguanas
  A hell rat (Lair:6)
  5 worker ants
  A naga zombie (Crypt:1)
  An ogre zombie (Crypt:3)
  A deep dwarf skeleton (Crypt:2)
  A hound skeleton (D:10)
  17 mummies (Crypt:3)
  A howler monkey zombie (D:5)
  A worker ant zombie (D:7)
  16 gnolls
  9 adders
  2 shadow imps
  5 white imps
  2 ufetubi (Depths:5)
  11 oozes
  A worm zombie (Crypt:1)
  A halfling skeleton (Crypt:1)
  A lava snake skeleton (Crypt:2)
  A worm (D:2)
  10 ball lightnings (Depths:2)
  A dart slug (D:4)
  4 leopard geckos
  112 orcs
  5 giant cockroaches
  9 goblins
  12 hobgoblins
  10 jackals
  26 kobolds
  3 quokkas
  2 ball pythons
  14 bats
  9 frilled lizards
  A jackal zombie (D:5)
  A kobold skeleton (Crypt:2)
  A kobold zombie (Crypt:2)
  2 leopard gecko skeletons
  An orc zombie (Crypt:3)
  12 rats
  A bush (Lair:1)
  4 crawling corpses
  A fungus (Elf:3)
  A plant (Lair:6)
2282 creatures vanquished.

Vanquished Creatures (collateral kills)
  An ironheart preserver (Vaults:3)
  Nessos (D:13)
  An ettin (Vaults:3)
  A yaktaur captain (Vaults:3)
  3 dancing weapons (Elf:2)
  A skeletal warrior (Vaults:2)
  2 deep elf knights (Elf:2)
  A deep elf archer (Elf:3)
  A troll (D:13)
  A sky beast (D:13)
13 creatures vanquished.

Vanquished Creatures (others)
  A spark wasp (Depths:4)
  A two-headed ogre (Vaults:5)
  3 deep elf magi
  A water elemental (Depths:5)
  A human (Elf:1)
  An orc warrior (Vaults:4)
  A centaur (D:15)
  An orc wizard (Vaults:5)
  5 ball lightnings (Depths:2)
  2 orcs
  3 bushes (D:10)
  15 fungi
  59 plants
94 creatures vanquished.

Grand Total: 2389 creatures vanquished

Notes
Turn   | Place    | Note
-------+----------+-------------------------------------------
     0 | D:1      | toffzen the Centaur Berserker began the quest for the Orb.
     0 | D:1      | Reached XP level 1. HP: 19/19 MP: 1/1
   284 | D:1      | Reached XP level 2. HP: 22/26 MP: 2/2
   715 | D:1      | Reached XP level 3. HP: 31/31 MP: 3/3
  1062 | D:2      | Reached ** piety under Trog
  1296 | D:2      | Reached XP level 4. HP: 38/38 MP: 4/4
  1342 | D:2      | Found a faded altar of an unknown god.
  1614 | D:2      | Found a shimmering altar of Xom.
  1617 | D:2      | Found an opulent altar of Gozag.
  2240 | D:3      | Reached XP level 5. HP: 45/45 MP: 5/5
  2401 | D:3      | Found a radiant altar of Vehumet.
  2591 | D:3      | Reached *** piety under Trog
  2640 | D:3      | Noticed Grinder
  2651 | D:3      | Killed Grinder
  2651 | D:3      | Reached XP level 6. HP: 51/52 MP: 6/6
  2929 | D:4      | Found a sacrificial altar of Ru.
  2946 | D:4      | Reached skill level 5 in Polearms
  2946 | D:4      | Reached XP level 7. HP: 60/60 MP: 7/7
  3803 | D:5      | Entered Level 5 of the Dungeon
  3853 | D:5      | Got a twisted chain mail
  3854 | D:5      | Identified the +7 chain mail "Weaf" {rF+ MR+ Str-5} (You
                  | found it on level 5 of the Dungeon)
  4076 | D:5      | Reached skill level 5 in Fighting
  4076 | D:5      | Reached XP level 8. HP: 46/68 MP: 8/8
  4193 | D:5      | Found a staircase to the Ecumenical Temple.
  4248 | D:5      | Found a hazy altar of Hepliaklqana.
  5265 | D:6      | Reached skill level 1 in Bows
  5366 | D:6      | Found Ydilunt's Antique Weapon Shop.
  5378 | D:6      | Reached **** piety under Trog
  5644 | D:7      | Reached skill level 2 in Bows
  6633 | D:8      | Reached skill level 3 in Bows
  6823 | D:8      | Reached XP level 9. HP: 75/75 MP: 9/9
  7525 | D:9      | Reached skill level 4 in Bows
  7532 | D:9      | Found a staircase to the Orcish Mines.
  7906 | D:9      | Found a flagged portal.
  7946 | Bailey   | Entered a bailey
  8197 | D:9      | Reached ***** piety under Trog
  8482 | D:9      | Got a flickering bone ring
  8568 | D:9      | Identified the ring of the Firefly {rElec MR- MP+9 Dex+4}
                  | (You found it on level 9 of the Dungeon)
  8599 | D:10     | Entered Level 10 of the Dungeon
  8765 | D:9      | Received a gift from Trog
  8842 | D:10     | Reached skill level 5 in Bows
  8923 | D:10     | Found a burning altar of Makhleb.
  9266 | D:10     | Reached XP level 10. HP: 67/84 MP: 10/10
  9337 | D:10     | Noticed a wizard
  9354 | D:10     | Killed a wizard
  9354 | D:10     | Reached skill level 5 in Dodging
  9463 | D:10     | Reached skill level 6 in Bows
  9463 | D:10     | Reached skill level 5 in Armour
  9629 | D:10     | Found a staircase to the Lair.
 10244 | D:10     | Reached skill level 7 in Bows
 10861 | D:10     | Reached XP level 11. HP: 69/94 MP: 11/11
 10937 | D:10     | Noticed a three-headed hydra
 10982 | D:10     | Killed a three-headed hydra
 11114 | D:10     | Upgraded the game from 0.26-a0-30-g56b8cd3df0 to
                  | 0.26-a0-50-gc4d14cd842
 11115 | Lair:1   | Entered Level 1 of the Lair of Beasts
 11138 | Lair:1   | Reached skill level 10 in Polearms
 11359 | Lair:1   | Received a gift from Trog
 11644 | Lair:1   | Reached skill level 8 in Bows
 11872 | Lair:1   | Noticed an eight-headed hydra
 11923 | Lair:1   | Killed an eight-headed hydra
 13190 | Lair:2   | Upgraded the game from 0.26-a0-50-gc4d14cd842 to
                  | 0.26-a0-54-g15ccc7ae60
 13706 | Lair:3   | Reached skill level 9 in Bows
 13898 | Lair:3   | Reached XP level 12. HP: 98/103 MP: 12/12
 13977 | Lair:3   | Found a hole to the Spider Nest.
 14569 | Lair:4   | Noticed a four-headed hydra
 14576 | Lair:4   | Killed a four-headed hydra
 15810 | Lair:5   | Found a frozen archway.
 16151 | Lair:5   | Reached skill level 10 in Bows
 16611 | Lair:6   | Entered Level 6 of the Lair of Beasts
 17000 | Lair:6   | Noticed Urug
 17019 | Lair:6   | Killed Urug
 17404 | Lair:6   | Found a runed translucent door.
 17404 | Lair:6   | Noticed an ice dragon
 17419 | Lair:6   | Reached XP level 13. HP: 107/113 MP: 13/13
 17641 | Lair:6   | Found a staircase to the Slime Pits.
 17642 | Lair:6   | Found a viscous altar of Jiyva.
 18057 | Lair:5   | Reached skill level 10 in Fighting
 18323 | Lair:6   | Paralysed by a hornet for 2 turns
 18366 | Lair:6   | Paralysed by a hornet for 2 turns
 18373 | Lair:6   | Reached skill level 11 in Bows
 18576 | Lair:6   | Paralysed by a hornet for 3 turns
 20676 | Lair:6   | Reached ****** piety under Trog
 21180 | D:9      | Upgraded the game from 0.26-a0-54-g15ccc7ae60 to
                  | 0.26-a0-58-g79b31b8662
 21181 | Orc:1    | Entered Level 1 of the Orcish Mines
 21330 | Orc:1    | Noticed Nergalle
 21380 | Orc:1    | Killed Nergalle
 21870 | Orc:1    | Noticed Erica
 22012 | D:9      | Killed Erica
 22012 | D:9      | Reached XP level 14. HP: 117/122 MP: 14/14
 22422 | Orc:1    | Received a gift from Trog
 22561 | Orc:1    | Reached skill level 12 in Bows
 23158 | Orc:2    | Entered Level 2 of the Orcish Mines
 23830 | Orc:2    | Found a staircase to the Elven Halls.
 23834 | Orc:2    | Found a roughly hewn altar of Beogh.
 23857 | Orc:2    | Found Damirghy's Magic Scroll Shoppe.
 23857 | Orc:2    | Found Owuname's Gadget Shop.
 24102 | Orc:2    | Bought a scroll of teleportation for 33 gold pieces
 24102 | Orc:2    | Bought a scroll of blinking for 82 gold pieces
 24145 | Orc:2    | Found Ninugoak's Antique Weapon Shop.
 24174 | Orc:2    | Bought a translucent halberd for 225 gold pieces
 24174 | Orc:2    | Identified the +5 halberd of Dust {vorpal, rN++ Int+2} (You
                  | bought it in a shop on level 2 of the Orcish Mines)
 24182 | Orc:2    | Found Cedi Zapy's Antique Armour Shoppe.
 24401 | Orc:2    | Bought a spiked cloak for 342 gold pieces
 24411 | Orc:2    | Identified the +0 cloak "Ulonlaj" {Str+3} (You bought it in
                  | a shop on level 2 of the Orcish Mines)
 25000 | D:11     | Gained mutation: Your spells are a little harder to cast,
                  | but a little more powerful. [a neqoxec]
 25005 | D:11     | Gained mutation: Scrolls take you a little longer to read.
                  | [a neqoxec]
 26075 | D:12     | Noticed Frances
 26096 | D:12     | Killed Frances
 26221 | D:12     | Noticed Sonja
 26227 | D:12     | Killed Sonja
 26227 | D:12     | Received a gift from Trog
 27245 | D:12     | Noticed Fannar
 27316 | D:12     | Killed Fannar
 27413 | D:13     | Noticed Nessos
 28116 | D:12     | Reached skill level 13 in Bows
 28451 | D:13     | Killed Nessos
 28729 | D:13     | Reached XP level 15. HP: 104/130 MP: 15/15
 29278 | D:13     | Found a gate to the Vaults.
 29317 | D:13     | Received a gift from Trog
 29554 | D:13     | Found an opulent altar of Gozag.
 30478 | D:14     | Reached skill level 14 in Bows
 30546 | D:14     | Identified the +5 falchion of the Warrior-Mage {flame,
                  | Dex+4} (You found it on level 14 of the Dungeon)
 30613 | D:14     | Found a shadowy altar of Dithmenos.
 31180 | D:15     | Entered Level 15 of the Dungeon
 31805 | D:15     | Received a gift from Trog
 32104 | D:15     | Found a staircase to the Depths.
 32531 | D:15     | Upgraded the game from 0.26-a0-58-g79b31b8662 to
                  | 0.26-a0-64-g059e62fbdb
 32712 | Lair:2   | Found a staircase to the Swamp.
 32747 | Swamp:1  | Entered Level 1 of the Swamp
 32951 | Swamp:1  | Reached skill level 15 in Bows
 34270 | Swamp:2  | Received a gift from Trog
 34340 | Swamp:2  | Reached XP level 16. HP: 100/141 MP: 16/16
 34345 | Swamp:2  | Paralysed by a hornet for 3 turns
 34826 | Swamp:2  | Identified a scroll of acquirement
 34962 | Swamp:2  | Reached skill level 10 in Dodging
 35103 | Swamp:2  | Reached skill level 16 in Bows
 35457 | Swamp:2  | Paralysed by a hornet for 3 turns
 35520 | Swamp:3  | Found an iron altar of Okawaru.
 35559 | Swamp:3  | Reached skill level 10 in Armour
 36173 | Swamp:3  | Received a gift from Trog
 36875 | Swamp:4  | Entered Level 4 of the Swamp
 37322 | Swamp:4  | Reached skill level 17 in Bows
 38133 | Swamp:4  | Got a decaying rune of Zot
 38652 | Spider:1 | Entered Level 1 of the Spider Nest
 38705 | Spider:1 | Got the ring "Beujueg" {*Drain rElec rPois MR+ Dex+4
                  | Stlth+}
 38761 | Spider:1 | Received a gift from Trog
 39321 | Spider:1 | Found a runed translucent door.
 39326 | Spider:1 | Noticed droganthewolf's ghost (adept GrFi)
 39690 | Spider:1 | Reached XP level 17. HP: 125/150 MP: 17/17
 40629 | Spider:2 | Identified the +0 cloak of Kikubaaqudgha's Hatred {Slay+2}
                  | (You found it on level 2 of the Spider Nest)
 41361 | Spider:3 | Received a gift from Trog
 41413 | Spider:3 | Got the +10 longbow of the Heavens {vorpal, rPois rC+ MP-9}
 42612 | Spider:4 | Entered Level 4 of the Spider Nest
 42751 | Spider:3 | Reached skill level 15 in Fighting
 42762 | Spider:3 | Reached skill level 18 in Bows
 42812 | Spider:4 | Received a gift from Trog
 43859 | Spider:4 | Reached skill level 19 in Bows
 44409 | Spider:4 | Received a gift from Trog
 44667 | Spider:4 | Reached skill level 20 in Bows
 44924 | Spider:4 | Got a gossamer rune of Zot
 45347 | Vaults:1 | Entered Level 1 of the Vaults
 45375 | Vaults:1 | Reached XP level 18. HP: 163/163 MP: 18/18
 46871 | Vaults:1 | Found Viahom's Book Boutique.
 46893 | Vaults:1 | Received a gift from Trog
 48974 | Vaults:2 | Received a gift from Trog
 49890 | Vaults:2 | Found Qatuipob's Distillery.
 49895 | Vaults:2 | Bought a potion of curing for 51 gold pieces
 49895 | Vaults:2 | Bought a potion of heal wounds for 85 gold pieces
 49895 | Vaults:2 | Bought 2 potions of curing for 102 gold pieces
 49895 | Vaults:2 | Bought a potion of curing for 51 gold pieces
 49895 | Vaults:2 | Bought a potion of haste for 170 gold pieces
 49895 | Vaults:2 | Bought a potion of might for 68 gold pieces
 50464 | Vaults:3 | Noticed Nikola
 50554 | Vaults:2 | Killed Nikola
 50615 | Vaults:3 | Found a staircase to the Crypt.
 50639 | Vaults:3 | Reached skill level 21 in Bows
 50861 | Vaults:3 | Reached XP level 19. HP: 122/172 MP: 10/19
 50877 | Vaults:3 | Received a gift from Trog
 51936 | Vaults:3 | Received a gift from Trog
 53035 | Vaults:3 | Found the +15 Maxwell's patent armour {-Cast -Tele rElec
                  | MR+ rCorr}
 53038 | Vaults:3 | Got the +15 Maxwell's patent armour {-Cast -Tele rElec MR+
                  | rCorr}
 53341 | Vaults:3 | Received a gift from Trog
 54141 | Vaults:4 | Reached skill level 22 in Bows
 54663 | Vaults:4 | Reached XP level 20. HP: 183/183 MP: 11/20
 54708 | Vaults:4 | Found Sucsegad's Magic Scroll Shop.
 54719 | Vaults:4 | Bought a scroll of enchant armour for 90 gold pieces
 54719 | Vaults:4 | Bought a scroll of fear for 42 gold pieces
 54719 | Vaults:4 | Bought a scroll of magic mapping for 42 gold pieces
 54749 | Vaults:4 | Received a gift from Trog
 54984 | Vaults:4 | Noticed an ancient lich
 54996 | Vaults:4 | Killed an ancient lich
 55597 | Elf:1    | Entered Level 1 of the Elven Halls
 55743 | Elf:1    | Identified Fedin's Disquisition on Confrontation
 55799 | Elf:1    | Noticed Kirke
 55817 | Elf:1    | Killed Kirke
 55817 | Elf:1    | Received a gift from Trog
 56328 | Elf:1    | Noticed Asterion
 56346 | Elf:1    | Killed Asterion
 56512 | Elf:1    | Found Holaiwul's Weapon Boutique.
 56580 | Elf:1    | Found a runed translucent gate.
 56586 | Elf:1    | Found a runed translucent gate.
 56732 | Elf:1    | Found a runed translucent gate.
 56734 | Elf:1    | Noticed Senarre's ghost (journeyman BaSu)
 56735 | Elf:1    | Found an iron altar of Okawaru.
 56940 | Elf:1    | You fall into a shaft and drop 1 floor!
 56983 | Elf:2    | Received a gift from Trog
 57067 | Elf:2    | Noticed Donald
 57080 | Elf:2    | Killed Donald
 57340 | Elf:2    | Found a runed translucent gate.
 57340 | Elf:2    | Found a runed translucent gate.
 57340 | Elf:2    | Found a runed translucent gate.
 57352 | Elf:2    | Noticed Aizul
 57362 | Elf:2    | Killed Aizul
 57981 | Elf:2    | Noticed Jorgrun
 57999 | Elf:2    | Killed Jorgrun
 58025 | Elf:2    | Received a gift from Trog
 58134 | Elf:2    | Got the amulet "Copluj" {Spirit rF+++ Slay-2 SInv}
 58504 | Elf:2    | Reached XP level 21. HP: 193/193 MP: 21/21
 58822 | Depths:1 | Entered Level 1 of the Depths
 58909 | D:15     | Reached skill level 23 in Bows
 60165 | Depths:1 | Found a gateway to Hell.
 60382 | Depths:1 | Found a one-way gate to the infinite horrors of the Abyss.
 60738 | Depths:2 | Received a gift from Trog
 61733 | Depths:2 | Received a gift from Trog
 61809 | Depths:2 | Reached skill level 15 in Dodging
 62269 | Depths:2 | Got an iridescent battleaxe
 62270 | Depths:2 | Identified the +4 battleaxe "Yhoziud" {vorpal, +Inv Str+4}
                  | (You found it on level 2 of the Depths)
 63248 | Depths:3 | Found a one-way gate leading to the halls of Pandemonium.
 63272 | Depths:3 | Noticed Margery
 63288 | Depths:3 | Killed Margery
 63301 | Depths:3 | Received a gift from Trog
 63398 | Depths:3 | Noticed Boris
 63414 | Depths:3 | Killed Boris
 63703 | Depths:3 | Found a flickering gateway to a bazaar.
 63713 | Bazaar   | Entered a bazaar
 63716 | Bazaar   | Found Waxaecuth's Armour Shoppe.
 63728 | Bazaar   | Found Epnum's Magic Scroll Emporium.
 63736 | Bazaar   | Bought a scroll of fog for 36 gold pieces
 63755 | Bazaar   | Found Nierhade's Distillery.
 63756 | Bazaar   | Found Ozo Mogy's General Store.
 63759 | Bazaar   | Bought a potion of heal wounds for 70 gold pieces
 63759 | Bazaar   | Bought a potion of might for 56 gold pieces
 63759 | Bazaar   | Bought a potion of heal wounds for 70 gold pieces
 63760 | Bazaar   | Found Hexzerye's Antique Armour Boutique.
 63848 | Depths:3 | Found Duf Ceas's Armour Shop.
 63863 | Depths:3 | Found Ewugge's Armour Boutique.
 63865 | Depths:3 | Found Yxepluth's Armour Shop.
 63937 | Depths:3 | Found Qaweohoyny's Food Shoppe.
 63957 | Depths:3 | Reached XP level 22. HP: 144/204 MP: 16/22
 64601 | Depths:3 | Identified the Papyrus of the Compass
 64918 | Depths:4 | Reached skill level 24 in Bows
 65298 | Depths:4 | Noticed Frederick
 65314 | Depths:4 | Killed Frederick
 66576 | Depths:4 | Received a gift from Trog
 67791 | Depths:5 | Entered Level 5 of the Depths
 67823 | Depths:5 | Found a flickering gateway to a bazaar.
 68935 | Depths:5 | Received a gift from Trog
 69772 | Depths:5 | Reached XP level 23. HP: 198/221 MP: 20/23
 69895 | Depths:5 | Found a gate to the Realm of Zot.
 70122 | Depths:5 | Found a gateway to a ziggurat.
 71084 | Elf:2    | Upgraded the game from 0.26-a0-64-g059e62fbdb to
                  | 0.26-a0-67-g850bfe61e3
 71107 | Elf:3    | Entered Level 3 of the Elven Halls
 71303 | Elf:3    | Received a gift from Trog
 72780 | Elf:3    | Received a gift from Trog
 73580 | Elf:3    | Identified the cursed +0 shortbow of Weuwk {flame, MR++
                  | Int+4 Dex+3} (You found it on level 3 of the Elven Halls)
 73595 | Elf:3    | Found the +8 lance "Wyrmbane" {slay drac, rPois rF+ rC+
                  | AC+3}
 74003 | Elf:3    | Identified the +8 trident "Goblinbane" {freeze, rPois rF+
                  | Dex+2} (You found it on level 3 of the Elven Halls)
 74007 | Elf:3    | Identified the Compendium of Feathers and Orientation
 74567 | Crypt:1  | Entered Level 1 of the Crypt
 74569 | Crypt:1  | Noticed Boris
 76097 | Vaults:3 | Killed Boris
 77380 | Depths:3 | Bought the +10 crystal plate armour "Aloguuth" {rElec Dex+8
                  | Slay-2 Stlth+} for 2026 gold pieces
 77855 | Crypt:1  | Reached skill level 15 in Polearms
 78036 | Crypt:1  | Received a gift from Trog
 78046 | Crypt:1  | Noticed Saint Roka
 78122 | Crypt:1  | Killed Saint Roka
 78808 | Crypt:2  | Reached XP level 24. HP: 192/236 MP: 19/23
 79363 | Crypt:2  | Noticed Jory
 79403 | Crypt:2  | Killed Jory
 79429 | Crypt:2  | Noticed Boris
 79766 | Crypt:2  | Killed Boris
 80084 | Crypt:2  | Noticed Mara
 80125 | Crypt:2  | Noticed toffzen's illusion
 80164 | Crypt:2  | Noticed toffzen's illusion
 80166 | Crypt:2  | Killed Mara
 80788 | Crypt:2  | Noticed Xtahua
 80802 | Crypt:2  | Killed Xtahua
 80924 | Crypt:2  | Found an ancient bone altar of Kikubaaqudgha.
 80975 | Crypt:3  | Entered Level 3 of the Crypt
 81289 | Crypt:3  | Found a basalt altar of Yredelemnul.
 82367 | Crypt:3  | Found a staircase to the Tomb.
 83543 | Crypt:3  | Reached skill level 25 in Bows
 83985 | Crypt:3  | Found a basalt altar of Yredelemnul.
 83993 | Crypt:3  | Found an ancient bone altar of Kikubaaqudgha.
 84171 | Crypt:3  | Identified the cursed +1 spear "Jewn" {pain, MP+9 Stlth+}
                  | (You found it on level 3 of the Crypt)
 85226 | Vaults:5 | Entered Level 5 of the Vaults
 86148 | Vaults:4 | Received a gift from Trog
 86149 | Vaults:4 | Found the +12 glaive of Prune {vorpal}
 86353 | Vaults:5 | Noticed an ancient lich
 86573 | Vaults:5 | Reached XP level 25. HP: 243/243 MP: 23/23
 86580 | Vaults:4 | Killed an ancient lich
 87266 | Vaults:5 | Reached skill level 15 in Armour
 87463 | Vaults:5 | Got a coiled wooden ring
 87466 | Vaults:5 | Identified the ring of Ephemeral Luck {rN+ MR+ Str+3} (You
                  | found it on level 5 of the Vaults)
 88065 | Vaults:5 | Received a gift from Trog
 88138 | Vaults:5 | Found Ywnop's Distillery.
 88144 | Vaults:5 | Found Caoz's Magic Scroll Emporium.
 88145 | Vaults:5 | Bought a potion of heal wounds for 115 gold pieces
 88166 | Vaults:5 | Found Nuom's Distillery.
 88170 | Vaults:5 | Bought a potion of haste for 200 gold pieces
 88170 | Vaults:5 | Bought a potion of heal wounds for 100 gold pieces
 88647 | Vaults:5 | Identified the Papyrus of Harmful Companions
 89034 | Vaults:5 | Got a silver rune of Zot
 89789 | Zot:1    | Entered Level 1 of the Realm of Zot
 89794 | Zot:1    | Noticed an orb of fire
 89969 | Zot:1    | Killed an orb of fire
 89973 | Zot:1    | HP: 7/245 [death cob (7)]
 89979 | Zot:1    | HP: 5/247 [death cob (15)]
 89980 | Zot:1    | Slain by a death cob

Illustrated notes

Levels and vault maps discovered:
D:1:      minmay_arrival_split_and_join, layout_basic
D:2:      layout_basic, nicolae_overflow_hidden_temple,
          chequers_ecumenical_altar_simple_redux, first_ration
D:3:      layout_rooms, overflow_temple_1_default, uniq_grinder
D:4:      layout_basic, hangedman_ru_absence
D:5:      layout_basic, lemuel_coloured_pillars_altar, minmay_temple_entry_mist
D:6:      layout_basic, serial_shops, nicolae_shop_behind_doors
D:7:      layout_gridville
D:8:      layout_gridville
D:9:      layout_loops_corners, orc_0_dummy, enter_bailey_3
D:10:     layout_long_grid, minmay_lair_entry_grove, basic_altar, minivault_19,
          hangedman_ranch [blue_anna_fruit_fields], minmay_misc_feat_ornament,
          minmay_librarian
D:11:     layout_big_octagon, lemuel_nasty_fountain
D:12:     layout_long_grid, minivault_7, uniq_sonja, uniq_fannar, uniq_frances
D:13:     layout_gridville, grunt_vaults_entry_tiered, minmay_crystal_water,
          lemuel_centaur_altar, uniq_nessos
D:14:     layout_long_grid, hangedman_abyss_or_decor_passed,
          grunt_dithmenos_shadows
D:15:     grunt_enter_depths_snipers, layout_cave_pools
Lair:1:   lemuel_slime, layout_misc_corridors, grunt_forest_large_clearing_hut
Lair:2:   layout_regular_city, nicolae_swamp_entry_splash_gauntlet
Lair:3:   layout_chaotic_city, nicolae_spider_entry_orb_guardian,
          patterned_corridor
Lair:4:   layout_cave_pods, roderic_carrion_pond, lemuel_fruit_tree,
          grunt_megastairs_1, infiniplex_staircase_pool
Lair:5:   layout_regular_city, portal_ice_cave_entry_pillars_2,
          minmay_lair_oklob_chamber, grunt_megastairs_4
Lair:6:   wormcave, layout_layer_cave, hangedman_lair_in_review, slime_altar_1,
          lemuel_old_faithful, lemuel_fruit_fields, serial_bayou_shore_b,
          uniq_urug
Swamp:1:  layout_basic_swamp, evilmike_swamp_ruin_house_4
Swamp:2:  layout_basic_swamp, evilmike_swamp_ruin_house_5,
          infiniplex_staircase_pool_2
Swamp:3:  layout_basic_swamp, basic_altar
Swamp:4:  swamp_alternative, layout_basic_swamp, swamp_pool1
Spider:1: layout_spider_delve, ebering_ghost_reflecting_pool
Spider:2: layout_spider_delve
Spider:3: layout_spider_delve
Spider:4: grunt_spider_rune_circles, drop_trap
Orc:1:    layout_caves, roderic_batcave, hangedman_minor_magic, uniq_nergalle,
          uniq_erica
Orc:2:    st_orc_town, layout_caves
Elf:1:    eino_elf_arrival_customs, layout_geoelf_grid,
          gammafunk_ghost_fury_of_okawaru, serial_shops, shop,
          minmay_elf_annihilation, uniq_kirke, uniq_asterion
Elf:2:    layout_onion_city, corexii_leaking_fountain, uniq_aizul, uniq_donald,
          uniq_jorgrun
Elf:3:    minmay_elf_hall, layout_geoelf_castle
Vaults:1: nicolae_vaults_mini_display_case, grunt_vaults_swirl,
          nicolae_vaults_statue_guard, vaults_room_pools,
          hangedman_vaults_pinch, nicolae_vaults_little_squares_3,
          nicolae_vaults_ring_of_whatevers, nicolae_vaults_circle_grid_b,
          v_pattern_2, vaults_room_large_hall, ontoclasm_vaults_eye,
          hangedman_vaults_maws, ontoclasm_vaults_decontamination, serial_ice_h,
          layout_vaults_ring, serial_shops, shop
Vaults:2: nicolae_vaults_alarming, hangedman_vaults_corner_blocks,
          nicolae_vaults_ninety_degrees, nicolae_vaults_what_the_h,
          nicolae_vaults_circle_grid_a, vaults_mumra_hex,
          layout_vaults_omnigrid, serial_shops, nicolae_shop_stone
Vaults:3: hangedman_vaults_corner_blocks, grunt_vaults_hallway_short,
          grunt_vaults_diagonal, nicolae_vaults_triangles, st_smaller_cells,
          ontoclasm_vaults_fault, minmay_crypt_entry_simple_round,
          nicolae_vaults_windows_and_doors_thing, hangedman_vaults_locks,
          grunt_vaults_twisty, hangedman_vaults_snaps,
          ontoclasm_vaults_ligature, v_misc_27, v_misc_22, grunt_vaults_focal,
          layout_vaults_maze_bifur, uniq_nikola
Vaults:4: nicolae_vaults_arrows, v_misc_11, v_misc_10, vaults_room_ringed_pool,
          v_misc_9, ontoclasm_vaults_ring_square, ontoclasm_vaults_shuriken,
          hangedman_vaults_trim, v_misc_23, v_misc_5, nicolae_vaults_murderbox,
          grunt_vaults_hallway_long, nicolae_vaults_little_squares_4,
          layout_vaults_omnibox, serial_shops, shop
Vaults:5
Crypt:1:  layout_misc_corridors, nicolae_crypt_niches, uniq_saint_roka
Crypt:2:  layout_basic, library_closet, lemuel_statue_altar,
          roderic_lattice_octagonal_star, uniq_mara, uniq_jory, uniq_xtahua
Crypt:3:  lightli_unholy_cathedral, layout_chaotic_city,
          nicolae_tomb_entry_unfolded_pyramid_orthogonal,
          lemuel_mausoleum_altar_yredelemnul
Depths:1: layout_basic, minmay_room_of_horrors, grunt_decor_arrowhead,
          hell_entry, dpeg_stationary_puzzle
Depths:2: radiant_caverns_b_rkd, hell_entry, abyss_entry
Depths:3: cheibrodos_lost_city_excavation, layout_cave_shapes,
          serial_sigils_hangedman_clutch, pan_entry, serial_shops,
          bzr_entry_customers, shop, hell_entry, minmay_shop_star,
          infiniplex_staircase_zigzag_3, serial_bayou_shore_a, uniq_margery,
          uniq_boris
Depths:4: wad_lake_hut, layout_basic, grunt_metal_band, abyss_entry,
          kennysheep_nub, minmay_staircase_windowed_large, uniq_frederick
Depths:5: grunt_zot_entry_tricorne, layout_gridlike, enter_ziggurat_c,
          grunt_pan_entry_spiral, hell_entry, serial_shops, freezing_bzr,
          chequers_serial_rivers_micro_d
Zot:1:    layout_onion_interference, gammafunk_ghost_abyssal_escape

Skill      XL: |  1  2  3  4  5  6  7  8  9 10 11 12 13 14 15 16 17 18 19 20 21 22 23 24 25 |
---------------+----------------------------------------------------------------------------+-----
Polearms       | 3 4 5 6 7 8 9 11 12 13 14 15 16 17 | 17.2
Armour         | 2 3 4 5 6 7 8 9 10 11 12 13 14 15 | 15.3
Dodging        | 2 3 4 5 6 7 8 9 11 13 14 15 16 | 16.6
Fighting       | 4 5 6 7 8 9 10 11 12 13 15 16 17 18 21 23 24 | 24.5
Bows           | 3 5 7 9 10 11 13 15 17 20 21 22 23 24 25 | 25.5

Action                   |  1- 3 |  4- 6 |  7- 9 | 10-12 | 13-15 | 16-18 | 19-21 | 22-24 | 25-27 || total
-------------------------+-------+-------+-------+-------+-------+-------+-------+-------+-------++-------
Melee: Spear             |   101 |   166 |   549 |   359 |       |       |       |       |       ||  1175
       Kick              |    10 |    30 |   146 |   310 |   491 |   456 |   276 |   908 |   162 ||  2789
       Glaive            |       |       |    52 |   150 |       |    20 |       |    34 |   288 ||   544
       Trident           |       |       |       |   438 |   721 |       |       |       |       ||  1159
       Bardiche          |       |       |       |       |   179 |       |       |       |       ||   179
       Halberd           |       |       |       |       |   697 |  1279 |   668 |  1260 |       ||  3904
       Executioner's axe |       |       |       |       |    11 |       |       |       |       ||    11
       Longbow           |       |       |       |       |     1 |       |       |       |       ||     1
       Demon trident     |       |       |       |       |       |       |       |   440 |       ||   440
       Lance             |       |       |       |       |       |       |       |    77 |    16 ||    93
 Fire: Shortbow          |       |       |    14 |    95 |       |       |       |       |       ||   109
       Longbow           |       |       |       |     8 |   370 |   521 |  1241 |   745 |    99 ||  2984
Throw: Stone             |     5 |     4 |     6 |       |       |       |       |       |       ||    15
Invok: Berserk           |     2 |     5 |    10 |     6 |    19 |    10 |     5 |    14 |     2 ||    73
       Trog's Hand       |       |       |     1 |     1 |     5 |     6 |     4 |    10 |     1 ||    28
       Brothers in Arms  |       |       |       |       |     2 |       |     2 |     7 |       ||    11
Evoke: Wand              |       |       |       |    13 |       |       |       |       |     1 ||    14
  Use: Scroll            |       |     6 |    12 |    11 |    11 |    17 |     5 |    16 |     2 ||    80
       Potion            |       |       |       |       |     2 |     3 |       |     2 |     1 ||     8
 Stab: Distracted        |       |       |       |       |       |       |     1 |       |     1 ||     2
       Paralysed         |       |       |       |       |       |       |     1 |       |       ||     1
  Eat: Chunk             |     1 |     9 |    24 |    22 |    44 |    34 |    25 |    21 |     5 ||   185
       Ration            |       |       |     1 |     2 |     8 |     7 |     5 |    21 |     1 ||    45
Armor: Ring mail         |    12 |    43 |    39 |       |       |       |       |       |       ||    94
       Chain mail        |       |       |   205 |   335 |   844 |    24 |       |       |       ||  1408
       Plate armour      |       |       |       |       |       |   755 |   583 |   772 |       ||  2110
       Swamp dragon scal |       |       |       |       |       |    11 |       |       |       ||    11
       Crystal plate arm |       |       |       |       |       |       |       |   584 |   274 ||   858
Dodge: Dodged            |    24 |    43 |   165 |   316 |  1004 |   724 |   650 |  1038 |   215 ||  4179

Table legend:
 A = Non-vault XP
 B = Vault XP
 C = Vault XP percentage of total XP
 D = Non-vault monster count
 E = Vault monster count
 F = Vault count percentage of total count
                 A         B        C        D         E       F
            +---------+---------+-------+---------+---------+-------
      Total |  645364 |  613529 |  48.7 |    1434 |     859 |  37.5
            +---------+---------+-------+---------+---------+-------
        D:1 |      43 |       0 |   0.0 |      23 |       0 |   0.0
        D:2 |     153 |       0 |   0.0 |      28 |       0 |   0.0
        D:3 |     204 |     286 |  58.4 |      27 |       1 |   3.6
        D:4 |     540 |       0 |   0.0 |      20 |       0 |   0.0
        D:5 |     244 |       0 |   0.0 |      16 |       0 |   0.0
        D:6 |     408 |       0 |   0.0 |      13 |       0 |   0.0
        D:7 |     348 |       0 |   0.0 |      17 |       0 |   0.0
        D:8 |    1073 |       0 |   0.0 |      25 |       0 |   0.0
        D:9 |    2313 |     931 |  28.7 |      33 |       7 |  17.5
       D:10 |    2769 |    4871 |  63.8 |      26 |      22 |  45.8
       D:11 |    4563 |    1174 |  20.5 |      33 |       8 |  19.5
       D:12 |    9373 |    5015 |  34.9 |      29 |      13 |  31.0
       D:13 |    9162 |    8101 |  46.9 |      33 |      30 |  47.6
       D:14 |    8818 |     208 |   2.3 |      39 |       1 |   2.5
       D:15 |   18732 |    2337 |  11.1 |      34 |       3 |   8.1
     Lair:1 |    2700 |    1869 |  40.9 |      15 |      20 |  57.1
     Lair:2 |    3648 |     543 |  13.0 |      18 |       4 |  18.2
     Lair:3 |    2309 |     566 |  19.7 |      12 |       1 |   7.7
     Lair:4 |    2974 |    2155 |  42.0 |      16 |       7 |  30.4
     Lair:5 |    3319 |    1506 |  31.2 |      16 |       4 |  20.0
     Lair:6 |    8651 |   17859 |  67.4 |      28 |      38 |  57.6
    Swamp:1 |   12744 |       0 |   0.0 |      35 |       0 |   0.0
    Swamp:2 |   20079 |       0 |   0.0 |      39 |       0 |   0.0
    Swamp:3 |   15702 |    1015 |   6.1 |      36 |       1 |   2.7
    Swamp:4 |    5020 |   15133 |  75.1 |      16 |      23 |  59.0
   Spider:1 |   13076 |       0 |   0.0 |      34 |       0 |   0.0
   Spider:2 |    9943 |       0 |   0.0 |      30 |       0 |   0.0
   Spider:3 |   24089 |     755 |   3.0 |      66 |       2 |   2.9
   Spider:4 |   14111 |   21249 |  60.1 |      40 |      33 |  45.2
      Orc:1 |    5601 |    5634 |  50.1 |      54 |      37 |  40.7
      Orc:2 |    1587 |    4140 |  72.3 |      24 |      48 |  66.7
      Elf:1 |   24270 |   10954 |  31.1 |      34 |      12 |  26.1
      Elf:2 |   17291 |   29505 |  63.1 |      26 |      34 |  56.7
      Elf:3 |   24809 |   44610 |  64.3 |      39 |      28 |  41.8
   Vaults:1 |   21349 |   10147 |  32.2 |      30 |      21 |  41.2
   Vaults:2 |   30858 |   15313 |  33.2 |      47 |      23 |  32.9
   Vaults:3 |   70733 |   34808 |  33.0 |      85 |      49 |  36.6
   Vaults:4 |   17932 |   77944 |  81.3 |      33 |      65 |  66.3
   Vaults:5 |    6035 |  108676 |  94.7 |       7 |      83 |  92.2
    Crypt:1 |   21425 |    7073 |  24.8 |      36 |      13 |  26.5
    Crypt:2 |   30760 |   15413 |  33.4 |      37 |       3 |   7.5
    Crypt:3 |   23794 |   36347 |  60.4 |      26 |      53 |  67.1
   Depths:1 |   16059 |    5522 |  25.6 |      24 |      16 |  40.0
   Depths:2 |       0 |   65127 | 100.0 |       0 |     100 | 100.0
   Depths:3 |   16654 |   24393 |  59.4 |      16 |      22 |  57.9
   Depths:4 |   59271 |    8551 |  12.6 |      58 |       5 |   7.9
   Depths:5 |   52177 |   23799 |  31.3 |      60 |      29 |  32.6
      Zot:1 |    7651 |       0 |   0.0 |       1 |       0 |   0.0
            +---------+---------+-------+---------+---------+-------
